 Dungeon Crawl Stone Soup version 0.19-a0-1740-g0bcaf2e (webtiles) character file.

1053 kae the Slasher (level 8, -7/64 HPs)
             Began as a Formicid Fighter on Oct 2, 2016.
             Mangled by an orc warrior
             ... wielding a +0 glaive
              (20 damage)
             ... on level 6 of the Dungeon.
             The game lasted 00:05:13 (4464 turns).

kae the Slasher (Formicid Fighter)                  Turns: 4464, Time: 00:05:14

Health: -7/64      AC:  7    Str: 28    XL:     8   Next: 51%
Magic:  8/8        EV:  9    Int:  8    God:
Gold:   254        SH: 11    Dex: 10    Spells: 0 memorised, 7 levels left

rFire  . . .     SeeInvis +     C - +2 falchion
rCold  . . .     Gourm    .     b - +0 scale mail
rNeg   . . .     Faith    .     c - +0 shield
rPois  .         Spirit   .     (helmet unavailable)
rElec  .         Dismiss  .     (no cloak)
rCorr  .         Reflect  .     p - +0 pair of gloves
MR     .....     Harm     .     (no boots)
Stlth  ..........               (no amulet)
                                (no ring)
                                j - ring of teleportation (curse)

@: mighty, drained
A: permanent stasis, dig shafts and tunnels, four strong arms, antennae 3
a: Dig, Shaft Self


You were on level 6 of the Dungeon.
You were hungry.

You visited 1 branch of the dungeon, and saw 6 of its levels.
You also visited: Sewer.

You collected 254 gold pieces.

Inventory:

Hand Weapons
 a - a +1 long sword
 C - a +2 falchion (weapon)
Armour
 b - a +0 scale mail (worn)
 c - a +0 shield (worn)
 p - a +0 pair of gloves (worn)
Jewellery
 j - a cursed ring of teleportation (left hand)
 w - an uncursed ring of poison resistance {unknown}
Wands
 e - a wand of disintegration (9/24)
 o - a wand of iceblast (5/15)
 s - a wand of polymorph (20/24)
Scrolls
 g - a scroll of enchant armour {unknown}
 k - 2 scrolls of fear
 l - 2 scrolls of remove curse
 r - a scroll of magic mapping {unknown}
 y - 2 scrolls of amnesia
 A - 2 scrolls of random uselessness {unknown}
 B - a scroll of identify
Potions
 d - 2 potions of might
 h - 3 potions of brilliance
 m - 4 potions of heal wounds
 n - 8 potions of curing
 q - 2 potions of mutation
 t - a potion of invisibility {unknown}
 u - a potion of degeneration {unknown}
 v - 3 potions of agility
 z - 2 potions of magic
 E - a potion of ambrosia {unknown}
 F - 2 potions of lignification {unknown}
Comestibles
 f - 4 bread rations
 i - 2 meat rations


   Skills:
 + Level 6.1(5.6) Fighting
 * Level 6.9(6.4) Long Blades
 - Level 3.2(2.8) Armour
 + Level 6.6(6.1) Shields


You had 7 spell levels left.
You didn't know any spells.

Dungeon Overview and Level Annotations

Branches:
Dungeon (6/15)
 Temple: D:4-7

Altars:
Fedhas
Qazlal


Innate Abilities, Weirdness & Mutations

You are under a permanent stasis effect.
You can dig through walls and to a lower floor.
Your four strong arms can wield two-handed weapons with a shield.
You have a pair of large antennae on your head. (SInv)


Message History

The orc warrior is heavily wounded.
You closely miss the orc warrior.
The orc warrior is heavily wounded.
The orc warrior hits you with a glaive!
You closely miss the orc warrior.
The orc warrior is heavily wounded.
The orc warrior closely misses you.
You riposte.
You closely miss the orc warrior.
The orc warrior is heavily wounded.
You slash the orc warrior!
The orc warrior is severely wounded.
You block the orc warrior's attack.
You hit the orc warrior.
The orc warrior is almost dead.
The orc warrior hits you with a glaive!!
* * * LOW HITPOINT WARNING * * *
You barely miss the orc warrior.
The orc warrior is almost dead.
The orc warrior hits you with a glaive!!
You die...

##.................#####..
#(.........#..........#...
#.........####......).....
#.........................
##................######...
#.................## ##..
##.......{.)..o..)..# ##.
#......<{#####<.....# ### #.
.........#{#@##......###.###.
..##.....##o###o...#..###)##.
##({..#### #...##..##.##..
#.....# #o..##...##....
........ #o.............
......... ##..............
......#... ##...............
#....#...#######.(####
#.=....###.####.##


You could see an orc warrior.

Vanquished Creatures
  Duvessa (D:4)
  A centaur (D:5)
  2 big kobolds (Sewer)
  Dowan (D:4)
  A scorpion (D:5)
  3 wights
  A howler monkey (D:4)
  A bullfrog zombie (D:5)
  4 orc priests (D:6)
  An iguana (D:4)
  Ijyb (D:2)
  A worker ant (D:5)
  A killer bee zombie (D:4)
  9 gnolls
  4 adders
  An ooze (D:6)
  2 worms
  3 dart slugs
  4 leopard geckos
  2 orcs (D:6)
  3 ball pythons (Sewer)
  10 bats
  5 giant cockroaches
  3 goblins (D:1)
  12 hobgoblins
  4 jackals (D:4)
  6 frilled lizards
  A jackal skeleton (D:6)
  18 kobolds
  A leopard gecko zombie (D:5)
  2 quokka skeletons
  10 rats
119 creatures vanquished.

Notes
Turn   | Place    | Note
-------+----------+-------------------------------------------
     0 | D:1      | kae the Formicid Fighter began the quest for the Orb.
     0 | D:1      | Reached XP level 1. HP: 18/18 MP: 1/1
    73 | D:1      | Reached XP level 2. HP: 16/24 MP: 2/2
   299 | D:1      | Reached XP level 3. HP: 23/30 MP: 3/3
  1112 | D:2      | Noticed Ijyb
  1136 | D:2      | Killed Ijyb
  1136 | D:2      | Reached XP level 4. HP: 29/37 MP: 4/4
  1670 | D:3      | Found a stormy altar of Qazlal.
  1719 | D:3      | Found a blossoming altar of Fedhas.
  1742 | D:3      | Reached XP level 5. HP: 33/42 MP: 5/5
  1818 | D:3      | You fall through a shaft!
  2072 | D:4      | Noticed Duvessa
  2072 | D:4      | Noticed Dowan
  2093 | D:4      | Killed Duvessa
  2093 | D:4      | Reached skill level 5 in Shields
  2093 | D:4      | Reached XP level 6. HP: 23/49 MP: 6/6
  2099 | D:4      | Killed Dowan
  2099 | D:4      | Reached skill level 5 in Long Blades
  2329 | D:4      | Reached XP level 7. HP: 54/55 MP: 7/7
  2381 | D:4      | Found a glowing drain.
  2390 | Sewer    | Entered a sewer
  2498 | Sewer    | Reached skill level 5 in Fighting
  2899 | D:5      | Entered Level 5 of the Dungeon
  3141 | D:5      | Reached XP level 8. HP: 56/63 MP: 8/8
  4464 | D:6      | Mangled by an orc warrior

Vault maps used:
D:1:      scummos_arrival_star
D:2:      minmay_circled_x, uniq_iyjb
D:3:      overflow_temple_1_default, grunt_temple_overflow_forces_of_nature,
          first_bread, led_xom_imps
D:4:      portal_sewer_entry_f, uniq_duvessa
D:5:      sigmund_army
Sewer:    kennysheep_pipe_town

Skill      XL: |  1  2  3  4  5  6  7  8 |
---------------+-------------------------+-----
Long Blades    | 3 4 5 6 |  6.9
Shields        | 4 5 6 |  6.6
Fighting       | 4 5 6 |  6.1
Armour         | |  3.2

Action                   |  1- 3 |  4- 6 |  7- 9 || total
-------------------------+-------+-------+-------++-------
Melee: Long sword        |   138 |   147 |   167 ||   452
       Unarmed           |       |     3 |       ||     3
       Falchion          |       |       |    71 ||    71
 Abil: Dig               |       |     4 |     4 ||     8
  Use: Scroll            |       |     8 |     5 ||    13
       Potion            |       |       |     1 ||     1
  Eat: Chunk             |     1 |     4 |     7 ||    12
       Fruit             |       |       |     1 ||     1
Armor: Scale mail        |    48 |    36 |    67 ||   151
Dodge: Dodged            |    23 |    45 |    57 ||   125
Block: Shield            |    71 |    63 |   125 ||   259
